 Dungeon Crawl Stone Soup version 0.29-a0-350-g7790a0e70a (webtiles) character file.

Game seed: 4506673558462029190

4 Antichthon the Grasshopper (level 1, 0/19 HPs)
             Began as a Naga Warper on Apr 23, 2022.
             Slain by a dart slug (2 damage)
             ... on level 1 of the Dungeon.
             The game lasted 00:00:25 (375 turns).

Antichthon the Grasshopper (Naga Warper)             Turns: 375, Time: 00:00:26

Health: 0/19       AC:  1    Str: 13    XL:     1   Next: 70%
Magic:  3/3        EV:  9    Int: 13    God:
Gold:   19         SH:  0    Dex: 10    Spells: 4/4 levels left

rFire   + . .      SeeInvis +   a - +0 hand axe
rCold   . . .      Faith    .   (no shield)
rNeg    . . .      Spirit   .   b - +0 leather armour
rPois   +          Reflect  .   (no helmet)
rElec   .          Harm     .   (no cloak)
rCorr   .          Rampage  .   (no gloves)
Will    .....                   (no barding)
Stlth   +.........              (no amulet)
HPRegen 0.06/turn               h - ring of protection from fire
MPRegen 0.08/turn               (no ring)

@: very slow
A: AC +0, large, see invisible, deformed body, poison resistance, slowness 2,
spit poison 1, naga tail 1
a: Spit Poison


You were on level 1 of the Dungeon.
You visited 1 branch of the dungeon, and saw 1 of its levels.

You collected 19 gold pieces.

Inventory:

Hand Weapons
 a - a +0 hand axe (weapon)
Missiles
 d - 7 boomerangs of dispersal (quivered)
Armour
 b - a +0 leather armour (worn)
Jewellery
 h - a ring of protection from fire (left hand)
Scrolls
 c - a scroll of blinking
 g - a scroll of identify {unknown}
Potions
 e - a potion of heal wounds {unknown}
 f - a potion of ambrosia {unknown}


   Skills:
 - Level 2.0 Fighting
 + Level 2.4 Axes
 - Level 0.8 Throwing
 - Level 0.7 Armour
 - Level 1.5 Dodging
 - Level 2.0 Spellcasting
 - Level 3.0 Translocations


You had 4 spell levels left.
You didn't know any spells.
Your spell library contained the following spells:

 Spells                   Type           Power      Damage    Failure   Level
 Blink                    Tloc           18%        N/A       14%         2
 Gell's Gravitas          Tloc           9%         N/A       28%         3
 Lesser Beckoning         Tloc           9%         N/A       28%         3
 Teleport Other           Tloc           9%         N/A       28%         3
 Manifold Assault         Tloc           9%         N/A       95%         5


Dungeon Overview and Level Annotations

Branches:
Dungeon (1/15)

Altars:


Innate Abilities, Weirdness & Mutations

Your serpentine skin is tough. (AC +0)
You have supernaturally acute eyesight. (SInv)
Armour fits poorly on your strangely shaped body.
Your system is resistant to poisons. (rPois)
You cover ground very slowly.
You can spit poison.
You have a snake-like lower body.


Message History

The bat hits you. The bat barely misses you. The bat closely misses you.
The bat hits you but does no damage.
You see here a ring of protection from fire.
h - a ring of protection from fire The bat hits you but does no damage.
h - a ring of protection from fire (left hand)
Aiming: Spit Poison (3% risk of failure)
Press: ? - help, Shift-Dir - straight line, f - bat
Aim: a bat (35% to hit)
The splash of poison misses the bat.
The bat hits you. The bat hits you but does no damage.
The bat closely misses you.
You have got your breath back.
The bat hits you but does no damage. The bat closely misses you.
The bat hits you.
You hit the bat.
You kill the bat!
A dart slug comes into view.
A dart slug is nearby!
The dart slug launches a dart at you. The slug dart hits you.
The dart slug launches a dart at you. The slug dart misses you.
A dart slug comes into view.
The dart slug launches a dart at you. The slug dart hits you.
The dart slug launches a dart at you. The slug dart hits you.
The dart slug launches a dart at you. The slug dart hits you.
* * * LOW HITPOINT WARNING * * *
Found a stone staircase leading down.
You hit the dart slug.
The dart slug is heavily wounded.
You hit the dart slug. The dart slug bites you.
* * * LOW HITPOINT WARNING * * *
The dart slug bites you.
You die...

..#.#...#
###.###.#
#.....#.#
#######.#
≈≈≈≈≈≈≈.#
#######.#
#.....#.#
###.###.#
#.#.w@# #
#..w.......
.............
####..........
#..##+#####
#.. #.. ##>


You could see 2 dart slugs.

Vanquished Creatures
  An endoplasm (D:1)
  A giant cockroach (D:1)
  2 bats (D:1)
  A rat (D:1)
5 creatures vanquished.

Notes
Turn   | Place    | Note
-------+----------+-------------------------------------------
     0 | D:1      | Antichthon the Naga Warper began the quest for the Orb.
     0 | D:1      | Reached XP level 1. HP: 19/19 MP: 3/3
   375 | D:1      | Slain by a dart slug

Illustrated notes

Levels and vault maps discovered:
D:1:      moated_graveyard_arrival, layout_basic, grunt_decor_cap,
          nicolae_figureground_pulse

Action                   || total
-------------------------++-------
Melee: Hand axe          ||    12
 Abil: Spit Poison       ||     2
Armor: Leather armour    ||     8
Dodge: Dodged            ||    11

Table legend: (Time is in decaauts)
 A = Elapsed time spent in this place.
 B = Non-inter-level travel time spent in this place.
 C = Inter-level travel time spent in this place.
 D = Time resting spent in this place.
 E = Time spent auto-exploring this place.
 F = Levels seen in this place.
 G = Mean time per level.
                   A        B        C        D        E       F      G
               +--------+--------+--------+--------+--------+-----+--------+
         Total |    437 |    437 |      0 |      0 |    359 |   1 |  437.0 |
       Dungeon |    437 |    437 |      0 |      0 |    359 |   1 |  437.0 |
               +--------+--------+--------+--------+--------+-----+--------+

Top non-repeatable levels by time:
     D:1: 437 daAuts
